 Dungeon Sprint DCSS version 0.28.0-53-g5a82cb258f (webtiles) character file.

Game seed: 13736978752170790269

176 Groucho the Covert (level 5, -1/19 (24) HPs)
             Began as a Spriggan Enchanter on June 5, 2022.
             Slain by a necrophage (4 damage)
             ... in the Dungeon (Sprint II: "The Violet Keep of Menkaure").
             The game lasted 00:00:31 (35 turns).

Groucho the Covert (Spriggan Enchanter)               Turns: 35, Time: 00:00:32

HP:   -1/19 (24)    AC:  2    Str:  6    XL:     5   Next: 30%
MP:   8/15          EV: 17    Int: 17    God:
Gold: 0             SH:  0    Dex: 15    Spells: 18/18 levels left

rFire   . . .      SeeInvis +   a - +1 dagger
rCold   . . .      Faith    .   (no shield)
rNeg    . . .      Spirit   .   b - +0 robe
rPois   .          Reflect  .   (helmet restricted)
rElec   .          Harm     .   (no cloak)
rCorr   .          Rampage  .   (gloves unavailable)
Will    .....      NoTele   +   (boots unavailable)
Stlth   +++++.....              (no amulet)
HPRegen 0.06/turn               (no ring)
MPRegen 0.14/turn               (no ring)

@: on berserk cooldown, hasted and slowed, heavily drained, very quick
A: very small, no large weapons, unfitting armour, see invisible, speed 3
a: no special abilities


You were in the Dungeon.
You visited 1 branch

Inventory:

Hand Weapons
 a - a +1 dagger (weapon)
Armour
 b - a +0 robe (worn)
Scrolls
 i - a scroll of blinking
Potions
 c - a potion of invisibility
 d - a potion of curing
 g - 2 potions of magic


   Skills:
 - Level 1.1 Short Blades
 - Level 2.6 Dodging
 * Level 12.6 Stealth
 + Level 7.0 Spellcasting
 + Level 7.4 Hexes


You had 18 spell levels left.
You didn't know any spells.
Your spell library contained the following spells:

 Spells                   Type           Power      Damage    Failure   Level
 Confusing Touch          Hex            31%        N/A       1%          3
 Tukima's Dance           Hex            31%        N/A       1%          3
 Ensorcelled Hibernation  Hex/Ice        36%        N/A       3%          2
 Dazzling Flash           Conj/Hex       36%        N/A       8%          3


Dungeon Overview and Level Annotations

Branches:
Dungeon (1/1)

Altars:


Innate Abilities, Weirdness & Mutations

You are very small and have problems with some larger weapons.
You are too small for most types of armour.
You have supernaturally acute eyesight. (SInv)
You cover ground extremely quickly. (Speed+++)


Message History

You barely miss the necrophage. You barely miss the necrophage.
The necrophage barely misses you.
You puncture the necrophage!
The necrophage is moderately damaged.
You are no longer berserk.
You are exhausted.
You feel yourself slow down. The necrophage barely misses you.
You are too injured to fight recklessly!
You are too injured to fight recklessly!
You are too injured to fight recklessly!
You feel much better. The necrophage misses you.
You feel yourself speed up. The necrophage hits you.
You feel drained. The necrophage barely misses you.
You hit the necrophage but do no damage.
The necrophage is moderately damaged.
The necrophage hits you.
You feel drained.
You hit the necrophage.
The necrophage is moderately damaged.
The necrophage misses you.
You barely miss the necrophage.
The necrophage is moderately damaged.
You barely miss the necrophage.
The necrophage is moderately damaged.
The necrophage hits you.
You feel drained.
You barely miss the necrophage.
The necrophage is moderately damaged.
The necrophage hits you but does no damage.
You barely miss the necrophage.
The necrophage is moderately damaged.
The necrophage hits you.
* * * LOW HITPOINT WARNING * * *
You feel drained.
* * * LOW HITPOINT WARNING * * *
You closely miss the necrophage.
The necrophage is moderately damaged.
The necrophage misses you.
You hit the necrophage.
The necrophage is moderately damaged.
The necrophage hits you.
You die...

## ## ##.
.## .. ..
# .#n ##.
#n#
#...##@##
#$+.<.+
#.m.##.##
##. #+# #


You could see 2 necrophages.

Vanquished Creatures
  2 necrophages (D)
2 creatures vanquished.

Notes
Turn   | Place    | Note
-------+----------+-------------------------------------------
     0 | D        | Groucho the Spriggan Enchanter began the quest for the Orb.
     0 | D        | Reached XP level 1. HP: 9/9 MP: 5/5
     1 | D        | Noticed a merfolk siren
     5 | D        | Noticed a necrophage
     5 | D        | Noticed a necrophage
     5 | D        | Noticed a necrophage
     5 | D        | Noticed a necrophage
    13 | D        | Killed a necrophage
    14 | D        | Reached skill level 10 in Stealth
    14 | D        | Reached skill level 5 in Spellcasting
    14 | D        | Reached XP level 2. HP: 12/13 MP: 5/9
    14 | D        | Reached XP level 3. HP: 15/16 MP: 6/11
    14 | D        | Reached XP level 4. HP: 20/21 MP: 6/12
    22 | D        | Killed a necrophage
    23 | D        | Reached skill level 12 in Stealth
    23 | D        | Reached XP level 5. HP: 19/24 MP: 6/15
    35 | D        | Slain by a necrophage

Illustrated notes

Levels and vault maps discovered:
D:        the_violet_keep_of_menkaure [sprint2_stairs_cluster_1,
          sprint2_shoproom, sprint2_temple, sprint2_basic_supplies,
          sprint2_obstacle_7, sprint2_obstacle_6, sprint2_obstacle_5,
          sprint2_obstacle_1, sprint2_obstacle_2, sprint2_timed_cluster_1,
          sprint2_smallroom_cluster_1, sprint2_smallroom_final_cluster_1,
          sprint2_transparent_cluster_1, sprint2_second_timed_cluster_1,
          sprint2_sniper_area_1, sprint2_heavy_combat_area_1,
          sprint2_mutation_trap_area_1, sprint2_forest_area_1,
          sprint2_light_combat_area_1, sprint2_behind_water_1,
          sprint2_near_end_vault_1]

Skill      XL: |  1  2  3  4 |
---------------+-------------+-----
Stealth        | 10 12 | 12.6
Spellcasting   | 5 7 |  7.0
Hexes          | 6 7 |  7.4
Short Blades   | |  1.1
Dodging        | |  2.6

Action                   |  1- 3 |  4- 6 || total
-------------------------+-------+-------++-------
Melee: Dagger            |     7 |    20 ||    27
  Use: Potion            |     1 |     2 ||     3
Armor: Robe              |       |     1 ||     1
Dodge: Dodged            |     1 |    10 ||    11
